 Dungeon Crawl Stone Soup version 0.27.1-3-gb3d3a73c9e (webtiles) character file.

Game seed: 11596221611677748354

5 jsc133 the Ducker (level 1, -6/18 HPs)
             Began as a Djinni Gladiator on Oct 22, 2021.
             Mangled by a white imp (7 damage)
             ... on level 3 of the Dungeon.
             The game lasted 00:01:09 (276 turns).

jsc133 the Ducker (Djinni Gladiator)                 Turns: 276, Time: 00:01:10

Health: -6/18      AC:  4    Str: 13    XL:     1   Next: 88%
Gold:   48         EV: 12    Int:  9    God:
                   SH:  0    Dex: 14

rFire    + + .     SeeInvis .     - Unarmed
rCold    x . .     Faith    .   (no shield)
rNeg     . . .     Spirit   .   a - +0 leather armour
rPois    ∞         Reflect  .   b - +0 helmet
rElec    .         Harm     .   (no cloak)
rCorr    .         Rampage  .   (no gloves)
Will     .....                  (boots unavailable)
Stlth    +.........             (no amulet)
HPRegen  0.06/turn              (no ring)
MPRegen  0.00/turn              (no ring)

@: flying
A: sickness immunity, fire resistance 2, cold vulnerability 1, float, innate
caster, hp casting, extra vitality 1
a: no special abilities


You were on level 3 of the Dungeon.
You visited 1 branch of the dungeon, and saw 3 of its levels.

You collected 48 gold pieces.

Inventory:

Missiles
 c - 3 throwing nets (quivered)
Armour
 a - a +0 leather armour (worn)
 b - a +0 helmet (worn)


   Skills:
 + Level 2.1 Fighting
 + Level 1.5 Throwing
 + Level 0.4 Armour
 + Level 3.3 Dodging
 + Level 3.1 Unarmed Combat


You couldn't memorise any spells.
You didn't know any spells.
Your spell library was empty.

Dungeon Overview and Level Annotations

Branches:
Dungeon (3/15)

Altars:


Innate Abilities, Weirdness & Mutations

You are immune to sickness and miasma.
You are immune to poison.
Your flesh is very heat resistant. (rF++)
You are vulnerable to cold. (rC-)
You float through the air rather than walking.
You learn spells naturally, not from books.
Your magical power is your life essence.
You have superior vitality. (+4 HP)


Message History

The giant cockroach barely misses you.
You hit the giant cockroach.
The giant cockroach is almost dead.
The giant cockroach closely misses you.
You hit the giant cockroach.
You kill the giant cockroach!
You see here a giant cockroach corpse.
Found 26 gold pieces.
Found a stone staircase leading down.
You now have 27 gold pieces (gained 15).
You now have 38 gold pieces (gained 11).
Found a stone staircase leading down.
You don't know any spells.
There is a stone staircase leading down here.
You fly downwards.
Found 10 gold pieces and a dagger.
There is a stone staircase leading up here.
You now have 48 gold pieces (gained 10).
You see here a +0 dagger.
Found a stone staircase leading down.
There is a stone staircase leading down here.
You fly downwards.
The white imp shouts!
The ball python hisses angrily.
There is a stone staircase leading up here.
Found a stone staircase leading up.
The white imp hits you but does no damage.
The white imp gestures at you. The puff of frost hits you!
You feel a terrible chill!
Ouch! That really hurt!
You hit the white imp.
The white imp is lightly wounded.
The ball python barely misses you. The ball python closely misses you.
The white imp hits you. The white imp freezes you.
You feel a terrible chill!
* * * LOW HITPOINT WARNING * * *
You hit the white imp but do no damage.
The white imp is lightly wounded.
The ball python barely misses you. x2; The white imp hits you.
* * * LOW HITPOINT WARNING * * *
The white imp freezes you!
You feel a terrible chill!
You die...

##.# #. #..## ...
#... #... ## #..
...< ###. ..##..#
#...##.....#
####.#..S5..#
#......<.@#
##..........w...#
#..##.##.###....
## #. #.# .. #.
#.. .. #.## .#
#.# #. ..#


You could see a worm, a white imp and a ball python.

Vanquished Creatures
  A giant cockroach (D:1)
  2 hobgoblins (D:1)
  A frilled lizard (D:1)
  A rat (D:1)
5 creatures vanquished.

Notes
Turn   | Place    | Note
-------+----------+-------------------------------------------
     0 | D:1      | jsc133 the Djinni Gladiator began the quest for the Orb.
     0 | D:1      | Reached XP level 1. HP: 18/18 MP: 0/0
   276 | D:3      | Mangled by a white imp

Illustrated notes

Levels and vault maps discovered:
D:1:      pf_arrival_petrified_forest, layout_loops_ring, serial_shops, shop,
          hellmonk_ecumenical_altar_run_dry, minivault_19, serial_bayou_pond_d
D:2:      layout_rooms
D:3:      layout_rooms, mainiacjoe_overflow_concentric_impassable,
          lemuel_doored_altar, uniq_crazy_yiuf_cottage

Action                   || total
-------------------------++-------
Melee: Unarmed           ||    29
 Stab: Sleeping          ||     1
Armor: Leather armour    ||     3
Dodge: Dodged            ||    20
